 Dungeon Crawl Stone Soup version 0.24.0-37-gcf1ca852f1 (webtiles) character file.

Game seed: 1244089740840040934, levelgen mode: deterministic

19723 Iamsoldier the Thaumaturge (level 12, -3/94 HPs)
             Began as a Gnoll Skald on Nov 27, 2019.
             Was the Champion of Cheibriados.
             Slain by a five-headed hydra (7 damage)
             ... on level 1 of the Lair of Beasts.
             The game lasted 00:46:00 (14225 turns).

Iamsoldier the Thaumaturge (Gnoll Skald)           Turns: 14225, Time: 00:46:01

Health: -3/94      AC: 10    Str: 36    XL:     12   Next: 72%
Magic:  25/25      EV: 22    Int: 32    God:    Cheibriados [******]
Gold:   821        SH:  0    Dex: 35    Spells: 17/29 levels left

rFire    + . .     SeeInvis .   b - +11 rapier of Cidam {elec, rElec rC- Str+5 Dex+4}
rCold    . . .     Gourm    .   (no shield)
rNeg     . . .     Faith    .   H - +0 ring mail
rPois    +         Spirit   .   m - +0 helmet
rElec    +         Reflect  .   k - scarf {rC+ rF+}
rCorr    .         Harm     .   (no gloves)
MR       .....                  T - +1 pair of boots
Stlth    +++++.....             (no amulet)
HPRegen  0.25/turn              q - ring of poison resistance
MPRegen  0.19/turn              D - ring of stealth

@: very slow
A: distributed training, fangs 1, strong nose
a: Bend Time, Temporal Distortion, Slouch, Step From Time, Renounce Religion


You were on level 1 of the Lair of Beasts.
You worshipped Cheibriados.
Cheibriados was exalted by your worship.
You were not hungry.

You visited 2 branches of the dungeon, and saw 13 of its levels.

You collected 912 gold pieces.
You spent 91 gold pieces at shops.

Inventory:

Hand Weapons
 a - a +3 glaive of pain
 b - the +11 rapier of Cidam (weapon) {elec, rElec rC- Str+5 Dex+4}
   (You found it on level 7 of the Dungeon)

   Occasionally, upon striking a foe, it will discharge some electrical energy
   and cause terrible harm.
   It affects your strength (+5).
   It affects your dexterity (+4).
   It makes you vulnerable to cold.
   It insulates you from electricity.
Missiles
 o - 10 silver boomerangs
 R - a throwing net (quivered)
Armour
 k - a scarf of resistance (worn)
 m - a +0 helmet (worn)
 H - a +0 ring mail (worn)
 T - a +1 pair of boots (worn)
Jewellery
 q - a ring of poison resistance (left hand)
 z - an uncursed ring of wizardry
 D - a ring of stealth (right hand)
 N - an uncursed ring of resist corrosion
 S - a +4 ring of intelligence
 U - an uncursed ring of protection from magic
Wands
 h - a wand of acid (8)
 A - a wand of digging (5)
 F - a wand of clouds (2)
 J - a wand of iceblast (9)
 K - a wand of disintegration (9)
 V - a wand of enslavement (6)
Scrolls
 f - a scroll of magic mapping {unknown}
 g - 6 scrolls of remove curse
 n - 3 scrolls of fog
 p - a scroll of teleportation
 s - 3 scrolls of immolation
 w - 7 scrolls of enchant armour
 C - 2 scrolls of enchant weapon
Potions
 c - 2 potions of mutation
 e - 5 potions of curing
 i - 3 potions of resistance
 j - 3 potions of flight
 l - a potion of ambrosia
 r - 7 potions of lignification
 t - a potion of might
 x - 3 potions of agility
 B - a potion of heal wounds
 O - a potion of magic
 P - 2 potions of invisibility
 Q - a potion of berserk rage
Comestibles
 d - 26 rations


   Skills:
 + Level 8.8 Fighting
 + Level 7.4 Short Blades
 + Level 7.4 Long Blades
 + Level 7.4 Axes
 + Level 7.4 Maces & Flails
 + Level 8.8 Polearms
 + Level 7.4 Staves
 + Level 7.4 Slings
 + Level 7.4 Bows
 + Level 7.4 Crossbows
 + Level 7.4 Throwing
 + Level 7.9 Armour
 + Level 8.8 Dodging
 + Level 7.4 Stealth
 + Level 7.4 Shields
 + Level 7.4 Unarmed Combat
 + Level 9.0 Spellcasting
 + Level 6.1 Conjurations
 + Level 6.1 Hexes
 + Level 8.3 Charms
 + Level 6.1 Summonings
 + Level 6.1 Necromancy
 + Level 6.1 Translocations
 + Level 6.1 Transmutations
 + Level 6.1 Fire Magic
 + Level 6.1 Ice Magic
 + Level 6.1 Air Magic
 + Level 6.1 Earth Magic
 + Level 6.1 Poison Magic
 + Level 8.1 Invocations
 + Level 7.4 Evocations


You had 17 spell levels left.
You knew the following spells:

 Your Spells              Type           Power        Failure   Level  Hunger
b - Shroud of Golubria    Chrm/Tloc      ######       1%          2    None
c - Spectral Weapon       Hex/Chrm       ######..     1%          3    None
d - Regeneration          Chrm/Necr      ######....   1%          3    None
e - Animate Dead          Necr           N/A          3%          4    None

Your spell library contained the following spells:

 Spells                   Type           Power        Failure   Level  Hunger
 Animate Skeleton         Necr           N/A          1%          1    None
 Infusion                 Chrm           ####         1%          1    None
 Pain                     Necr           ####         1%          1    None
 Song of Slaying          Chrm           ######..     1%          2    None
 Vampiric Draining        Necr           ######....   1%          3    None


Dungeon Overview and Level Annotations

Branches:
Dungeon (12/15)            Temple (0/1) D:5            Lair (1/6) D:11
    Orc (0/2) D:10

Altars:
Ashenzari
Cheibriados
Elyvilon
Fedhas
Gozag
Hepliaklqana
Kikubaaqudgha
Okawaru
Qazlal
Uskayaw
Vehumet
Wu Jian
Xom
Yredelemnul
Zin
The Shining One

Shops:
D:7 *

Annotations:
D:8 3 runed translucent doors, RadicalHijinx's ghost, novice DDFi


Innate Abilities, Weirdness & Mutations

Your experience applies equally to all skills.
You have very sharp teeth.
Your uncanny sense of smell can sniff out nearby items.


Message History

Aim: a five-headed hydra (lightly wounded, chance to defeat MR: 59%)
The five-headed hydra is blasted!
The five-headed hydra bites you!
* * * LOW HITPOINT WARNING * * *
The five-headed hydra bites you.
* * * LOW HITPOINT WARNING * * *
The five-headed hydra bites you but does no damage.
The five-headed hydra closely misses you. x2
Evoke which item? (* to show all) (? for menu, Esc to quit)
Aiming: Disintegrate
Press: ? - help, Shift-Dir - straight line, f/p - five-headed hydra
Aim: a five-headed hydra (lightly wounded, chance to defeat MR: 59%)
The five-headed hydra resists with significant effort.
The five-headed hydra closely misses you.
The five-headed hydra bites you!
* * * LOW HITPOINT WARNING * * *
The five-headed hydra bites you!
* * * LOW HITPOINT WARNING * * *
The five-headed hydra barely misses you.
The five-headed hydra bites you!
You die...

≈≈P≈P......................(.
≈≈P≈≈≈....#####.##.#.........
≈≈≈≈≈≈....P# ######......)#.
≈≈≈≈≈P≈....## #.......##
≈≈≈P≈P≈P...# #......##
≈≈P≈PP≈≈...# ##.......#
♣♣........###### #.......P#
#.........###..######......##
#...........@D.............#
#.........................##
#........#######.#........#
#.............. ..........P
#.............. ............
#....?..#...... .^#.#####....
#.......#...... .... ....
#.......#S.....
#.......##.#.##


You could see a five-headed hydra.

Vanquished Creatures
  A tengu warrior (D:9)
  A centaur warrior (D:9)
  3 two-headed ogres
  3 unseen horrors
  2 centaur zombies (D:10)
  A gargoyle (D:12)
  4 trolls
  A merfolk (D:9)
  A hornet (D:12)
  4 slime creatures (D:12)
  4 hippogriffs
  Sigmund (D:4)
  3 yaks (D:10)
  A wraith (D:11)
  A wyvern (D:9)
  Eustachio (D:5)
  A hungry ghost (D:10)
  3 vampire mosquitoes (D:11)
  2 water moccasins
  A soldier ant (D:9)
  2 porcupines (Lair:1)
  3 ice beasts
  7 orc warriors
  2 black bears
  3 phantoms
  2 eyes of draining
  3 necrophages (D:6)
  6 sky beasts
  5 ogres
  2 crocodiles
  10 centaurs
  A gnoll sergeant (D:9)
  4 bullfrogs
  5 scorpions
  28 killer bees
  A water moccasin zombie (D:5)
  5 wights (D:10)
  6 howler monkeys
  7 crimson imps
  2 bullfrog zombies
  8 hounds
  A quasit (D:7)
  4 jellies
  15 orc wizards
  11 orc priests
  3 centaur skeletons
  A gnoll shaman (D:7)
  Terence (D:3)
  6 iguanas
  11 worker ants
  5 hound zombies
  A hound skeleton (D:10)
  2 worker ant zombies
  12 gnolls
  15 adders
  2 shadow imps
  3 oozes
  2 adder zombies (D:6)
  An adder skeleton (D:9)
  2 worms
  A dart slug (D:2)
  4 leopard geckos
  53 orcs
  A ball python (D:2)
  10 giant cockroaches
  6 hobgoblins
  12 jackals
  14 kobolds
  8 quokkas
  3 bats
  7 frilled lizards
  10 goblins
  A leopard gecko skeleton (D:4)
  A leopard gecko zombie (D:6)
  18 rats
  A spectral weapon (D:12)
399 creatures vanquished.

Vanquished Creatures (others)
  A bush (D:6)
  8 plants
  6 spectral weapons
15 creatures vanquished.

Grand Total: 414 creatures vanquished

Notes
Turn   | Place    | Note
-------+----------+-------------------------------------------
     0 | D:1      | Iamsoldier the Gnoll Skald began the quest for the Orb.
     0 | D:1      | Reached XP level 1. HP: 20/20 MP: 6/6
    83 | D:1      | Reached XP level 2. HP: 26/26 MP: 7/7
    87 | D:1      | Learned a level 2 spell: Shroud of Golubria
   475 | D:1      | Reached XP level 3. HP: 31/31 MP: 6/9
   480 | D:1      | Learned a level 3 spell: Spectral Weapon
   484 | D:1      | Learned a level 3 spell: Regeneration
   496 | D:1      | Reached skill level 5 in Spellcasting
   948 | D:2      | Reached skill level 1 in Invocations
   996 | D:2      | Reached skill level 1 in Short Blades
   996 | D:2      | Reached skill level 1 in Long Blades
   996 | D:2      | Reached skill level 1 in Axes
   996 | D:2      | Reached skill level 1 in Maces & Flails
   996 | D:2      | Reached skill level 1 in Staves
   996 | D:2      | Reached skill level 1 in Slings
   996 | D:2      | Reached skill level 1 in Bows
   996 | D:2      | Reached skill level 1 in Crossbows
   996 | D:2      | Reached skill level 1 in Throwing
   996 | D:2      | Reached skill level 1 in Stealth
   996 | D:2      | Reached skill level 1 in Shields
   996 | D:2      | Reached skill level 1 in Unarmed Combat
   996 | D:2      | Reached skill level 1 in Evocations
  1057 | D:2      | Reached XP level 4. HP: 38/38 MP: 11/11
  1193 | D:2      | Found a snail-covered altar of Cheibriados.
  1233 | D:2      | Became a worshipper of Cheibriados the Contemplative
  1580 | D:2      | Reached skill level 1 in Conjurations
  1580 | D:2      | Reached skill level 1 in Hexes
  1580 | D:2      | Reached skill level 1 in Summonings
  1580 | D:2      | Reached skill level 1 in Necromancy
  1580 | D:2      | Reached skill level 1 in Translocations
  1580 | D:2      | Reached skill level 1 in Transmutations
  1580 | D:2      | Reached skill level 1 in Fire Magic
  1580 | D:2      | Reached skill level 1 in Ice Magic
  1580 | D:2      | Reached skill level 1 in Air Magic
  1580 | D:2      | Reached skill level 1 in Earth Magic
  1580 | D:2      | Reached skill level 1 in Poison Magic
  2111 | D:3      | Noticed a bullfrog
  2123 | D:3      | Killed a bullfrog
  2123 | D:3      | Reached XP level 5. HP: 34/43 MP: 7/12
  2340 | D:3      | Found a shattered altar of Ashenzari.
  2344 | D:3      | Reached * piety under Cheibriados
  2359 | D:3      | Found a hazy altar of Hepliaklqana.
  2365 | D:3      | Reached XP level 6. HP: 50/50 MP: 11/13
  2379 | D:3      | Found a radiant altar of Vehumet.
  2382 | D:3      | Found an ancient bone altar of Kikubaaqudgha.
  2765 | D:3      | Noticed Terence
  2782 | D:3      | Killed Terence
  2917 | D:4      | Found a glowing silver altar of Zin.
  2917 | D:4      | Found an iron altar of Okawaru.
  2918 | D:4      | Found a stormy altar of Qazlal.
  2918 | D:4      | Found a hide-covered altar of Uskayaw.
  2920 | D:4      | Found a basalt altar of Yredelemnul.
  2920 | D:4      | Found a white marble altar of Elyvilon.
  2922 | D:4      | Noticed Sigmund
  2973 | D:4      | Killed Sigmund
  2973 | D:4      | Reached skill level 5 in Fighting
  2973 | D:4      | Reached skill level 5 in Polearms
  2973 | D:4      | Reached skill level 5 in Dodging
  3129 | D:4      | Reached XP level 7. HP: 43/56 MP: 15/15
  3895 | D:4      | Found a glowing golden altar of the Shining One.
  3900 | D:4      | Found an ornate altar of the Wu Jian Council.
  4084 | D:4      | You fall into a shaft and drop 1 floor!
  4084 | D:5      | Entered Level 5 of the Dungeon
  4089 | D:5      | Noticed Eustachio
  4097 | D:5      | Killed Eustachio
  4101 | D:5      | Reached ** piety under Cheibriados
  4137 | D:5      | Found a staircase to the Ecumenical Temple.
  4148 | D:5      | Reached XP level 8. HP: 21/63 MP: 13/16
  4644 | D:5      | Found an opulent altar of Gozag.
  4996 | D:6      | Reached skill level 6 in Spellcasting
  5150 | D:6      | Reached *** piety under Cheibriados
  5692 | D:6      | Noticed a troll
  5700 | D:6      | Reached XP level 9. HP: 69/69 MP: 15/18
  5717 | D:6      | Killed a troll
  5739 | D:6      | Found a blossoming altar of Fedhas.
  6087 | D:7      | Reached skill level 5 in Armour
  6111 | D:7      | Reached **** piety under Cheibriados
  6113 | D:7      | Found Pieb Desine's General Store.
  6149 | D:7      | Bought a potion of agility for 52 gold pieces
  6149 | D:7      | Bought a potion of curing for 39 gold pieces
  6847 | D:7      | Reached skill level 5 in Invocations
  6879 | D:7      | Found a shimmering altar of Xom.
  6894 | D:7      | Identified the +11 rapier of Cidam {elec, rElec rC- Str+5
                  | Dex+4} (You found it on level 7 of the Dungeon)
  7441 | D:8      | Noticed a two-headed ogre
  7442 | D:8      | Reached XP level 10. HP: 76/76 MP: 15/20
  7443 | D:8      | Reached skill level 7 in Spellcasting
  7457 | D:7      | Killed a two-headed ogre
  7457 | D:7      | Reached skill level 5 in Short Blades
  7457 | D:7      | Reached skill level 5 in Long Blades
  7457 | D:7      | Reached skill level 5 in Axes
  7457 | D:7      | Reached skill level 5 in Maces & Flails
  7457 | D:7      | Reached skill level 5 in Staves
  7457 | D:7      | Reached skill level 5 in Slings
  7457 | D:7      | Reached skill level 5 in Bows
  7457 | D:7      | Reached skill level 5 in Crossbows
  7457 | D:7      | Reached skill level 5 in Throwing
  7457 | D:7      | Reached skill level 5 in Stealth
  7457 | D:7      | Reached skill level 5 in Shields
  7457 | D:7      | Reached skill level 5 in Unarmed Combat
  7457 | D:7      | Reached skill level 5 in Evocations
  8023 | D:8      | Reached ***** piety under Cheibriados
  8112 | D:8      | Found a runed translucent gate.
  8112 | D:8      | Found a runed translucent gate.
  8112 | D:8      | Found a runed translucent gate.
  8113 | D:8      | Noticed RadicalHijinx's ghost (novice DDFi)
  8113 | D:8      | Noticed a nine-headed hydra
  8114 | D:8      | Noticed a ten-headed hydra
  8302 | D:8      | Found a shimmering altar of Xom.
  8711 | D:9      | Noticed a tengu warrior
  8755 | D:9      | Killed a tengu warrior
  9348 | D:9      | Noticed a centaur warrior
  9364 | D:9      | Killed a centaur warrior
  9364 | D:9      | Reached XP level 11. HP: 43/84 MP: 15/22
  9991 | D:9      | Reached ****** piety under Cheibriados
 10028 | D:9      | Reached skill level 5 in Conjurations
 10028 | D:9      | Reached skill level 5 in Hexes
 10028 | D:9      | Reached skill level 5 in Summonings
 10028 | D:9      | Reached skill level 5 in Necromancy
 10028 | D:9      | Reached skill level 5 in Translocations
 10028 | D:9      | Reached skill level 5 in Transmutations
 10028 | D:9      | Reached skill level 5 in Fire Magic
 10028 | D:9      | Reached skill level 5 in Ice Magic
 10028 | D:9      | Reached skill level 5 in Air Magic
 10028 | D:9      | Reached skill level 5 in Earth Magic
 10028 | D:9      | Reached skill level 5 in Poison Magic
 10090 | D:9      | Reached skill level 8 in Spellcasting
 10194 | D:10     | Entered Level 10 of the Dungeon
 10202 | D:10     | Noticed a two-headed ogre
 10212 | D:10     | Killed a two-headed ogre
 10343 | D:10     | Learned a level 4 spell: Animate Dead
 10959 | D:10     | Found a staircase to the Orcish Mines.
 11205 | D:11     | Killed an unseen horror
 11630 | D:11     | Reached XP level 12. HP: 91/93 MP: 21/24
 11867 | D:11     | Found a staircase to the Lair.
 12459 | D:12     | Noticed a two-headed ogre
 12483 | D:12     | Killed a two-headed ogre
 13548 | D:12     | Reached skill level 9 in Spellcasting
 13946 | Lair:1   | Entered Level 1 of the Lair of Beasts
 14211 | Lair:1   | Noticed a five-headed hydra
 14225 | Lair:1   | HP: 4/94 [five-headed hydra (10)]
 14225 | Lair:1   | Slain by a five-headed hydra

Levels and vault maps discovered:
D:1:      onia_arrival_larder, layout_loops_cross
D:2:      layout_basic, hangedman_decor_points, grunt_ministairs_15,
          st_stairs_13, cheibriados_altar_1
D:3:      layout_loops_cross, grunt_temple_overflow_cloverleaf, uniq_terence
D:4:      layout_loops_ring, grunt_temple_overflow_open, minitemple,
          uniq_sigmund
D:5:      layout_cave_pools, minmay_temple_entry_large_hall, first_ration,
          minmay_misc_feat_pillars, nicolae_gozag_seed_capital, uniq_eustachio
D:6:      layout_basic, fedhas_altar_decomposition, serial_rivers,
          chequers_serial_rivers_room_b, chequers_serial_rivers_micro_a,
          chequers_serial_rivers_micro_d, chequers_serial_rivers_small_b,
          chequers_serial_rivers_small_3
D:7:      layout_layer_cave, basic_altar, serial_shops, nicolae_shop_crystal
D:8:      layout_cave_pools, basic_altar, gammafunk_ghost_hydra_chop
D:9:      cheibrodos_barr_body, layout_stronghold, hangedman_fish_farm
D:10:     layout_rooms, david_orc_2
D:11:     layout_cave_pods, lair_entry_dummy
D:12:     minmay_thinvault, layout_small_grid, nrook_loot_triangle,
          minmay_unpleasant_kobolds
Lair:1:   layout_chaotic_city, serial_bayou_shore_a

Skill      XL: |  1  2  3  4  5  6  7  8  9 10 11 12 |
---------------+-------------------------------------+-----
Spellcasting   | 5 6 7 8 9 |  9.0
Invocations    | 1 2 3 4 5 6 7 8 |  8.1
Short Blades   | 1 2 3 4 5 6 7 |  7.4
Long Blades    | 1 2 3 4 5 6 7 |  7.4
Axes           | 1 2 3 4 5 6 7 |  7.4
Maces & Flails | 1 2 3 4 5 6 7 |  7.4
Staves         | 1 2 3 4 5 6 7 |  7.4
Slings         | 1 2 3 4 5 6 7 |  7.4
Bows           | 1 2 3 4 5 6 7 |  7.4
Crossbows      | 1 2 3 4 5 6 7 |  7.4
Throwing       | 1 2 3 4 5 6 7 |  7.4
Stealth        | 1 2 3 4 5 6 7 |  7.4
Shields        | 1 2 3 4 5 6 7 |  7.4
Unarmed Combat | 1 2 3 4 5 6 7 |  7.4
Evocations     | 1 2 3 4 5 6 7 |  7.4
Conjurations   | 1 2 3 4 5 6 |  6.1
Hexes          | 1 2 3 4 5 6 |  6.1
Summonings     | 1 2 3 4 5 6 |  6.1
Necromancy     | 1 2 3 4 5 6 |  6.1
Translocations | 1 2 3 4 5 6 |  6.1
Transmutations | 1 2 3 4 5 6 |  6.1
Fire Magic     | 1 2 3 4 5 6 |  6.1
Ice Magic      | 1 2 3 4 5 6 |  6.1
Air Magic      | 1 2 3 4 5 6 |  6.1
Earth Magic    | 1 2 3 4 5 6 |  6.1
Poison Magic   | 1 2 3 4 5 6 |  6.1
Armour         | 3 4 5 6 7 |  7.9
Fighting       | 5 6 7 8 |  8.8
Polearms       | 5 6 7 8 |  8.8
Dodging        | 5 6 7 8 |  8.8
Charms         | 6 7 8 |  8.3

Action                   |  1- 3 |  4- 6 |  7- 9 | 10-12 || total
-------------------------+-------+-------+-------+-------++-------
Melee: Spear             |    91 |   187 |    47 |       ||   325
       Bite              |     7 |    17 |    34 |    48 ||   106
       Punch             |       |     1 |     1 |    17 ||    19
       Halberd           |       |       |   242 |       ||   242
       Rapier            |       |       |     5 |   365 ||   370
 Cast: Infusion          |     5 |     5 |     1 |     1 ||    12
       Spectral Weapon   |     1 |     8 |    27 |    42 ||    78
       Shroud of Golubri |       |     5 |    14 |    18 ||    37
       Regeneration      |       |     2 |     5 |    14 ||    21
       Animate Dead      |       |       |       |    11 ||    11
Invok: Slouch            |       |       |       |     1 ||     1
Evoke: Wand              |       |       |       |     5 ||     5
  Use: Potion            |       |     2 |       |     8 ||    10
       Scroll            |       |       |     1 |    24 ||    25
 Stab: Sleeping          |     6 |     2 |     5 |    18 ||    31
       Distracted        |       |       |     1 |    12 ||    13
  Eat: Chunk             |     1 |     5 |     7 |    10 ||    23
       Ration            |       |       |       |     1 ||     1
Armor: Leather armour    |    11 |    35 |    84 |    54 ||   184
       Skin              |       |     9 |       |       ||     9
       Ring mail         |       |       |       |    37 ||    37
Dodge: Dodged            |    33 |   105 |   256 |   566 ||   960
